Map: Galactic Process LE

Players

LiquidVortiX (Vortix) - Winner!

  • Race: Zerg Zerg
  • League: Master

MajeStic

  • Race: Protoss Protoss
  • League: Master

Event: DreamHack ZOWIE Open Valencia 2016

VOD

Have the link to the VOD?

Description

Time

  • Played on: July 14, 2016, 1:16 p.m.
  • Length: 5:22

All games in this series

Show
View Real Time Build Order
Export as new Build Order

LiquidVortiX Zerg - Winner!

Build Orders: Pool First 

Get SALT Encoding   

  12  0:17  Spawning Pool  
  11  0:21  Drone  
  11  0:26  Drone  
  13  0:31  Drone  
  14  0:40  Overlord  
  14  1:04  Zergling x4  
  16  1:05  Zergling x2  
  17  1:15  Zergling x2  
  18  1:19  Hatchery  
  17  1:26  Zergling x2  
  18  1:38  Zergling x2  
  19  1:52  Hatchery  
  18  1:54  Zergling x2  
  19  2:03  Overlord  
  19  2:09  Drone  
  20  2:21  Queen  
  22  2:25  Drone  
  23  2:30  Drone  
  23  2:35  Drone  
  23  2:45  Queen  
  23  2:48  Drone  
  26  2:52  Drone  
  26  2:55  Drone  
  28  3:01  Drone  
  28  3:05  Drone x2  
  31  3:08  Drone  
  32  3:15  Queen  
  32  3:18  Drone  
  34  3:21  Drone  
  31  3:28  Drone x3  
  31  3:32  Extractor  
  31  3:33  Extractor  
  32  3:36  Drone x2  
  32  3:39  Drone  
  32  3:40  Drone  
  36  3:47  Zergling x2  
  36  3:48  Overlord  
  37  3:49  Zergling x2  
  37  3:54  Zergling x4  
  40  4:01  Overlord  
  40  4:03  Zergling x2  
  40  4:04  Zergling x2  
  40  4:09  Drone  
  43  4:10  Drone x2  
  45  4:19  Drone x3  
  48  4:27  Overlord  
  48  4:28  Zergling x4  
  51  4:31  Zergling x4  
  52  4:40  Roach Warren  
  52  4:45  Overlord  
  51  4:49  Zergling x10  
  56  4:53  Spore Crawler  
  56  4:55  Spore Crawler  
  58  5:14  Spore Crawler  
Show
View Real Time Build Order
Export as new Build Order

MajeStic Protoss 

Build Orders: 1 Gate Expand 

Get SALT Encoding   

  12  0:01  Probe (Chrono Boost)  
  13  0:11  Probe (Chrono Boost)  
  14  0:19  Pylon  
  14  0:22  Probe (Chrono Boost)  
  15  0:37  Probe (Chrono Boost)  
  15  0:39  Gateway  
  16  0:44  Assimilator  
  16  0:48  Probe (Chrono Boost)  
  17  0:58  Probe (Chrono Boost)  
  18  1:09  Probe (Chrono Boost)  
  19  1:19  Probe (Chrono Boost)  
  19  1:24  Nexus  
  20  1:34  Cybernetics Core  
  20  1:37  Probe (Chrono Boost)  
  21  1:42  Assimilator  
  21  1:49  Probe (Chrono Boost)  
  22  1:59  Pylon  
  22  2:07  Pylon  
  22  2:17  Gateway  
  22  2:18  Mothership Core (Chrono Boost)  
  22  2:21  Pylon  
  24  2:23  Pylon  
  24  2:28  Warp Gate  
  24  2:32  Gateway  
  24  2:33  Gateway  
  24  2:36  Pylon  
  24  2:51  Probe (Chrono Boost)  
  25  2:58  Pylon  
  25  3:01  Probe (Chrono Boost)  
  25  3:05  Adept  
  25  3:12  Probe (Chrono Boost)  
  22  3:23  Probe (Chrono Boost)  
  19  3:27  Adept  
  19  3:30  Adept  
  19  3:32  Pylon  
  24  3:35  Probe (Chrono Boost)  
  24  3:47  Probe (Chrono Boost)  
  25  3:50  Gateway  
  25  3:59  Probe (Chrono Boost)  
  27  4:11  Probe (Chrono Boost)  
  27  4:27  Gateway  
  27  4:39  Adept x2  
  31  4:45  Adept  
  33  4:58  Pylon  
  33  4:59  Probe (Chrono Boost)  
  26  5:17  Adept x3  

Tags
 
Add a new tag
Caveats
  • Supply blocks, unpowered buildings, or Contaminate may cause inaccurate times.
  • Supply counts are checked every 10 seconds.